 Dungeon Crawl Stone Soup version 0.20-b1-18-gaa2fd62 (webtiles) character file.

13093 MTVSty1e the Fighter (level 12, -1/123 HPs)
             Began as a Gargoyle Fighter on May 24, 2017.
             Was an Elder of Okawaru.
             Slain by a killer bee (5 damage)
             ... on level 12 of the Dungeon.
             The game lasted 00:35:41 (11828 turns).

MTVSty1e the Fighter (Gargoyle Fighter)            Turns: 11828, Time: 00:35:42

Health: -1/123     AC: 26    Str: 30    XL:     12   Next: 2%
Magic:  15/15      EV:  2    Int: 12    God:    Okawaru [****..]
Gold:   324        SH: 22    Dex: 13    Spells: 11/11 levels left

rFire    + + +     SeeInvis .   a - +1 war axe
rCold    . . .     Gourm    .   x - +1 large shield of Foumm {rF+++ Slay-4}
rNeg     + + +     Faith    .   (armour currently unavailable)
rPois    ∞         Spirit   .   (helmet currently unavailable)
rElec    .         Reflect  .   (cloak currently unavailable)
rCorr    .         Harm     .   (gloves currently unavailable)
MR       ++...     NoTele   +   (boots currently unavailable)
Stlth    +++.......             s - amulet of rage
Regen    0.3/turn               q - ring of protection from fire
MPRegen  0.2/turn               c - ring of Xom's Amusement {MR++ Int+3 Dex+4}

@: mighty, tree-form, heroism, very slightly contaminated
A: negative energy resistance 1, screaming 1, petrification resistance, rot
immunity, AC +8
a: Heroism, Renounce Religion, Evoke Berserk Rage


You were on level 12 of the Dungeon.
You worshipped Okawaru.
Okawaru was greatly pleased with you.
You were not hungry.
You were a tree.
You visited 2 branches of the dungeon, and saw 13 of its levels.

You collected 324 gold pieces.

Inventory:

Hand Weapons
 a - a +1 war axe (weapon)
Armour
 d - a +0 pair of boots (melded)
 v - a +1 cloak (melded)
 x - the +1 large shield of Foumm (worn) {rF+++ Slay-4}
   (You found it on level 6 of the Dungeon)

   It affects your accuracy and damage with ranged weapons and melee attacks
   (-4).
   It renders you almost immune to fire.
 A - a +0 pair of gloves (melded)
 D - a +0 plate armour of magic resistance (melded)
Jewellery
 c - the ring of Xom's Amusement (right branch) {MR++ Int+3 Dex+4}
   (You found it on level 8 of the Dungeon)

   [ring of dexterity]

   It affects your intelligence (+3).
   It affects your dexterity (+4).
   It affects your resistance to hostile enchantments.
 n - an uncursed ring of fire {unknown}
 q - a ring of protection from fire (left branch)
 s - an amulet of rage (around neck)
 F - a +1 ring of protection
 G - an uncursed ring of wizardry
 O - an uncursed ring of ice {unknown}
Wands
 h - a wand of flame (9/48)
 p - a wand of iceblast (15/15)
 y - a wand of confusion (27/48)
 M - a wand of confusion (20/48)
 N - a wand of flame (25/48)
Scrolls
 g - 7 scrolls of remove curse
 i - a scroll of identify
 j - a scroll of immolation
 o - 5 scrolls of teleportation
 w - 2 scrolls of recharging
 E - a scroll of amnesia
 I - a scroll of enchant armour
 J - a scroll of enchant weapon
Potions
 b - 3 potions of cancellation
 e - a potion of berserk rage
 k - 3 potions of magic
 r - 4 potions of curing
 u - 3 potions of brilliance
 z - 2 potions of agility
 H - a potion of lignification
 K - a potion of ambrosia
Miscellaneous
 L - a sack of spiders
Comestibles
 f - 5 bread rations
 m - 4 royal jellies
 C - 6 fruits


   Skills:
 * Level 12.6(17.6) Fighting
 + Level 7.3(12.3) Axes
 + Level 9.3(14.3) Armour
 + Level 9.5(14.5) Shields
 + Level 4.9 Invocations
 + Level 3.9 Evocations


You had 11 spell levels left.
You didn't know any spells.

Dungeon Overview and Level Annotations

Branches:
Dungeon (12/15)            Temple (1/1) D:5            Lair (0/6) D:9
    Orc (0/2) D:9

Altars:
Ashenzari
Cheibriados
Dithmenos
Elyvilon
Fedhas
Gozag
Hepliaklqana
Kikubaaqudgha
Makhleb
Nemelex Xobeh
Okawaru
Qazlal
Ru
Sif Muna
Trog
Uskayaw
Vehumet
Xom
Yredelemnul
Zin
The Shining One
Jiyva

Shops:
D:7 =   D:8 ?

Annotations:
D:5 Prince Ribbit
D:8 Maurice


Innate Abilities, Weirdness & Mutations

You are resistant to torment.
((Your stone body is resilient. (AC +8)))
You are immune to poison.
You resist negative energy. (rN+)
((You are resistant to electric shocks. (rElec)))
((You can survive without breathing.))
You are immune to petrification.
You are immune to rotting.
((You have a pair of small antennae on your head.))
((You have sharp fingernails.))
You occasionally shout uncontrollably at your foes.


Message History

You feel less resistant to hostile enchantments.
Your roots penetrate the ground.
The killer bee stings you.
* * * LOW HITPOINT WARNING * * *
You block the killer bee's attack.
You slash the killer bee!
The killer bee is heavily wounded.
The killer bee stings you but does no damage.
You block the killer bee's attack.
You closely miss the killer bee.
The killer bee is heavily wounded.
You block the killer bee's attack. x2
You closely miss the killer bee.
The killer bee is heavily wounded.
You block the killer bee's attack.
The killer bee stings you but does no damage.
Unknown command.
Your shield prevents you from hitting the killer bee.
The killer bee is heavily wounded.
The killer bee stings you.
You die...

..# .# ..# .# #.# ##.#
####.### #..# #..)...#
######.##### #
#......###..........# ###
####.....yyy#..........###..
.........{#y#..........##..#
###......#♣#..........##.##
#......#...............##
#..y...###..........####
##y##### ###.######## #..{.#
#..# ####y# ##..# #####.##
#..# #+ #......# #.# %yy###
#......### ..


You could see a meliai and 2 killer bees.

Vanquished Creatures
  2 two-headed ogres
  Pikel (D:6)
  An ugly thing (D:12)
  Psyche (D:8)
  A queen bee (D:12)
  A troll (D:11)
  A meliai (D:12)
  A hippogriff (D:5)
  5 slime creatures
  4 hogs (D:8)
  4 yaks (D:10)
  A human (D:8)
  2 vampire mosquitoes (D:12)
  The ghost of miragecloak the Changer, an amateur OpTm (D:3)
  3 orc warriors
  3 sky beasts
  2 ice beasts
  5 ogres
  4 black bears
  An eye of draining (D:11)
  A necrophage (D:12)
  5 centaurs
  A big kobold (D:9)
  7 bullfrogs
  6 scorpions
  16 killer bees
  7 howler monkeys
  13 wights
  3 crimson imps
  7 jellies
  2 centaur zombies
  4 centaur skeletons
  2 bullfrog zombies
  3 bullfrog skeletons
  8 hounds
  5 orc priests
  3 iguanas
  Natasha (twice) (D:4)
  8 orc wizards
  8 worker ants
  2 hound skeletons
  A howler monkey zombie (D:5)
  3 worker ant zombies
  18 adders
  11 gnolls
  2 shadow imps
  2 oozes
  3 adder zombies
  2 worms
  2 dart slugs
  2 leopard geckos (D:8)
  39 orcs
  A ball python (D:1)
  8 bats
  5 giant cockroaches
  10 hobgoblins
  10 jackals
  9 quokkas
  7 frilled lizards
  6 goblins
  A jackal skeleton (D:4)
  15 kobolds
  A leopard gecko skeleton (D:8)
  A quokka skeleton (D:7)
  8 rats
324 creatures vanquished.

Vanquished Creatures (collateral kills)
  A worker ant (D:12)
1 creature vanquished.

Vanquished Creatures (others)
  A crimson imp (D:6)
  2 jellies (D:6)
  3 gnolls (D:6)
  An orc (D:6)
  3 jackals (D:6)
10 creatures vanquished.

Grand Total: 335 creatures vanquished

Notes
Turn   | Place    | Note
-------+----------+-------------------------------------------
     0 | D:1      | MTVSty1e the Gargoyle Fighter began the quest for the Orb.
     0 | D:1      | Reached XP level 1. HP: 14/14 MP: 1/1
    94 | D:1      | Reached XP level 2. HP: 17/19 MP: 2/2
   309 | D:1      | Found a snail-covered altar of Cheibriados.
   474 | D:1      | Reached XP level 3. HP: 24/24 MP: 3/3
   636 | D:1      | Reached skill level 4 in Fighting
   868 | D:2      | Reached XP level 4. HP: 24/29 MP: 4/4
  1785 | D:3      | Reached XP level 5. HP: 34/34 MP: 5/5
  1833 | D:3      | Noticed miragecloak's ghost (amateur OpTm)
  1845 | D:3      | Killed miragecloak's ghost
  1845 | D:3      | Reached skill level 5 in Fighting
  1845 | D:3      | Reached XP level 6. HP: 36/40 MP: 6/6
  2320 | D:3      | Found an opulent altar of Gozag.
  2321 | D:3      | Found a radiant altar of Vehumet.
  2321 | D:3      | Found a bloodstained altar of Trog.
  2322 | D:3      | Found an ancient bone altar of Kikubaaqudgha.
  2432 | D:3      | Found a stormy altar of Qazlal.
  2715 | D:4      | Reached skill level 6 in Fighting
  2715 | D:4      | Reached skill level 5 in Armour
  2715 | D:4      | Reached skill level 5 in Shields
  2715 | D:4      | Reached XP level 7. HP: 19/46 MP: 7/7
  2931 | D:4      | Found a shattered altar of Ashenzari.
  3432 | D:4      | Found a sacrificial altar of Ru.
  3494 | D:4      | Noticed Natasha
  3502 | D:4      | Killed Natasha
  3642 | D:4      | Reached XP level 8. HP: 36/52 MP: 8/8
  3914 | D:4      | Noticed Natasha
  3927 | D:4      | Killed Natasha
  4038 | D:5      | Entered Level 5 of the Dungeon
  4038 | D:5      | Noticed Prince Ribbit
  4225 | D:5      | Reached skill level 7 in Fighting
  4238 | D:5      | Noticed a hippogriff
  4250 | D:5      | Killed a hippogriff
  4566 | D:5      | Found a staircase to the Ecumenical Temple.
  4588 | Temple   | Entered the Ecumenical Temple
  5049 | D:5      | Reached skill level 8 in Fighting
  5458 | D:6      | Found a sparkling altar of Nemelex Xobeh.
  5466 | D:6      | Reached XP level 9. HP: 58/60 MP: 9/9
  5477 | D:6      | Got a transparent large shield
  5488 | D:6      | Identified the +1 large shield of Foumm {rF+++ Slay-4} (You found it on level 6 of the Dungeon)
  5519 | D:6      | Noticed Pikel
  5552 | D:6      | Killed Pikel
  5552 | D:6      | Reached skill level 5 in Axes
  5703 | D:6      | Reached skill level 9 in Fighting
  6064 | D:6      | Found a shimmering altar of Xom.
  6673 | D:7      | Found Vopt's Jewellery Boutique.
  7086 | D:7      | Gained mutation: You are weak. (Str -2) [mutagenic meat]
  7087 | D:7      | Gained mutation: You are partially covered in molten scales. (AC +2) [mutagenic meat]
  7088 | D:7      | Gained mutation: Your flesh is heat resistant. (rF+) [mutagenic meat]
  7089 | D:7      | Gained mutation: You are partially covered in iridescent scales. (AC +2) [mutagenic meat]
  7348 | D:8      | Got a clouded lapis lazuli ring
  7349 | D:8      | Identified the ring of Xom's Amusement {MR++ Int+3 Dex+4} (You found it on level 8 of the Dungeon)
  7372 | D:8      | Reached skill level 10 in Fighting
  7372 | D:8      | Reached XP level 10. HP: 64/68 MP: 10/10
  7374 | D:8      | Found a bloodstained altar of Trog.
  7457 | D:8      | Noticed Maurice
  7573 | D:8      | Noticed Psyche
  7593 | D:8      | Paralysed by Psyche for 4 turns
  7600 | D:8      | Killed Psyche
  7751 | D:8      | Found Gell's Magic Scroll Shoppe.
  7836 | D:8      | Found a shadowy altar of Dithmenos.
  7854 | D:8      | Found an iron altar of Okawaru.
  7863 | D:8      | Became a worshipper of Warmaster Okawaru
  7869 | D:8      | Found a snail-covered altar of Cheibriados.
  7874 | D:8      | Found a glowing golden altar of the Shining One.
  8093 | D:8      | Reached skill level 1 in Invocations
  8100 | D:8      | Reached skill level 1 in Evocations
  8669 | D:9      | Noticed a two-headed ogre
  8678 | D:9      | Reached * piety under Okawaru
  8683 | D:9      | Killed a two-headed ogre
  8683 | D:9      | Reached skill level 11 in Fighting
  8694 | D:9      | Found a staircase to the Orcish Mines.
  8903 | D:9      | Found a staircase to the Lair.
  9086 | D:10     | Entered Level 10 of the Dungeon
  9118 | D:10     | Reached ** piety under Okawaru
  9241 | D:10     | Reached XP level 11. HP: 33/74 MP: 11/13
  9751 | D:10     | Reached *** piety under Okawaru
 10074 | D:10     | Found a viscous altar of Jiyva.
 10630 | D:11     | Reached skill level 12 in Fighting
 10861 | D:11     | Noticed a two-headed ogre
 10869 | D:11     | Killed a two-headed ogre
 11121 | D:12     | Lost mutation: You are partially covered in molten scales. (AC +2) [mutagenic meat]
 11122 | D:12     | Lost mutation: Your flesh is heat resistant. (rF+) [mutagenic meat]
 11123 | D:12     | Gained mutation: You are robust. (+10% HP) [mutagenic meat]
 11125 | D:12     | Gained mutation: You have an increased reservoir of magic. (+10% MP) [mutagenic meat]
 11254 | D:12     | Noticed a cyan ugly thing
 11282 | D:12     | Killed a cyan ugly thing
 11282 | D:12     | Reached **** piety under Okawaru
 11349 | D:12     | Lost mutation: You are weak. (Str -2) [potion of mutation]
 11349 | D:12     | Lost mutation: You are robust. (+10% HP) [potion of mutation]
 11349 | D:12     | Lost mutation: You are partially covered in iridescent scales. (AC +2) [potion of mutation]
 11349 | D:12     | Lost mutation: You have an increased reservoir of magic. (+10% MP) [potion of mutation]
 11349 | D:12     | Gained mutation: You have a pair of small antennae on your head. [potion of mutation]
 11349 | D:12     | Gained mutation: You occasionally shout uncontrollably at your foes. [potion of mutation]
 11349 | D:12     | Gained mutation: You have sharp fingernails. [potion of mutation]
 11803 | D:12     | Reached XP level 12. HP: 40/82 MP: 13/15
 11819 | D:12     | HP: 2/82 [meliai/divine providence (11)]
 11824 | D:12     | HP: 3/123 [killer bee (1)]
 11828 | D:12     | Slain by a killer bee

Skill      XL: |  1  2  3  4  5  6  7  8  9 10 11 |
---------------+----------------------------------+-----
Axes           | 2 3 4 5 6 7 |  7.3
Fighting       | 4 5 6 8 10 11 12 | 12.6
Armour         | 4 5 6 7 8 9 |  9.3
Shields        | 4 5 6 7 8 9 |  9.5
Invocations    | 2 4 |  4.9
Evocations     | 2 3 |  3.9

Action                   |  1- 3 |  4- 6 |  7- 9 | 10-12 || total
-------------------------+-------+-------+-------+-------++-------
Melee: War axe           |   139 |   319 |   567 |   971 ||  1996
Invok: Heroism           |       |       |       |     8 ||     8
  Use: Potion            |       |     1 |       |     6 ||     7
       Scroll            |       |       |       |    28 ||    28
  Eat: Bread ration      |       |     1 |     1 |     2 ||     4
       Meat ration       |       |     1 |     1 |     1 ||     3
       Royal jelly       |       |       |     2 |     2 ||     4
       Chunk             |       |       |     4 |     5 ||     9
       Fruit             |       |       |     1 |       ||     1
Armor: Scale mail        |    87 |    22 |       |       ||   109
       Plate armour      |       |   222 |   387 |   702 ||  1311
       Skin              |       |       |       |     2 ||     2
Dodge: Dodged            |    45 |    60 |    78 |   131 ||   314
Block: Shield            |    88 |   178 |   186 |       ||   452
       Large shield      |       |       |   290 |  1116 ||  1406
